Map: 2000 Atmospheres LE

Players

Cham

  • Race: Zerg Zerg
  • League: Master

Kelazhur - Winner!

  • Race: Terran Terran

Event: DreamHack SC2 Masters 2021 Summer

VOD

Have the link to the VOD?

Description

Time

  • Played on: May 20, 2021, 3:46 p.m.
  • Length: 13:08

All games in this series

Show
View Real Time Build Order
Export as new Build Order

Cham Zerg 

Build Orders: Hatch First 

Get SALT Encoding   

  12  0:00  Drone  
  13  0:08  Drone  
  14  0:17  Overlord  
  14  0:35  Drone x2  
  16  0:48  Hatchery  
  15  0:52  Drone  
  15  0:54  Drone  
  17  0:58  Drone  
  18  1:08  Extractor  
  17  1:12  Spawning Pool  
  17  1:16  Drone  
  17  1:20  Drone  
  18  1:29  Drone  
  19  1:40  Drone  
  20  1:51  Drone  
  21  2:00  Queen x2  
  26  2:01  Zergling x2  
  26  2:02  Zergling x2  
  27  2:11  Drone  
  27  2:15  Metabolic Boost  
  28  2:19  Overlord  
  28  2:28  Hatchery  
  27  2:31  Drone  
  28  2:37  Drone x3  
  31  2:44  Queen  
  31  2:48  Overlord  
  33  2:52  Drone  
  33  2:57  Drone x2  
  36  3:05  Overlord  
  36  3:07  Drone  
  36  3:09  Drone x2  
  36  3:12  Drone  
  40  3:17  Drone  
  41  3:20  Queen  
  41  3:25  Queen  
  45  3:27  Overlord  
  45  3:28  Drone  
  45  3:31  Drone  
  47  3:37  Drone  
  47  3:40  Drone x2  
  50  3:43  Zergling x2  
  50  3:44  Zergling x8  
  55  3:49  Queen  
  55  3:55  Baneling Nest  
  56  3:57  Drone x3  
  56  4:02  Overlord  
  59  4:04  Drone  
  59  4:07  Drone x2  
  59  4:09  Queen  
  64  4:11  Drone x2  
  66  4:18  Overlord  
  66  4:23  Spine Crawler  
  65  4:24  Zergling x8  
  66  4:40  Zergling x2  
  60  4:46  Baneling x4  
  60  4:47  Zergling x2  
  60  4:48  Zergling x22  
  66  5:10  Drone x6  
  62  5:17  Spore Crawler x2  
  62  5:18  Spore Crawler  
  62  5:20  Drone x3  
  62  5:21  Overlord  
  62  5:22  Drone  
  62  5:23  Lair  
  62  5:27  Overlord  
  63  5:30  Drone  
  63  5:32  Drone  
  63  5:34  Extractor  
  63  5:35  Extractor  
  63  5:39  Extractor, Drone  
  63  5:40  Extractor, Drone  
  63  5:44  Drone  
  63  5:47  Hatchery  
  63  5:48  Zergling x6  
  66  5:50  Overlord  
  66  5:56  Roach Warren  
  65  5:59  Zergling x12  
  65  6:01  Drone  
  70  6:08  Drone x3  
  73  6:12  Drone  
  72  6:21  Drone x2  
  72  6:24  Drone x3  
  72  6:29  Queen  
  72  6:31  Drone x3  
  68  6:43  Spire  
  68  6:44  Extractor, Drone x3  
  70  6:47  Drone  
  70  6:48  Drone  
  70  6:49  Drone  
  70  6:50  Drone  
  70  6:53  Drone  
  74  7:04  Zergling x10  
  74  7:05  Zergling x4  
  79  7:11  Queen  
  79  7:17  Queen  
  79  7:20  Overlord x2  
  79  7:23  Queen  
  79  7:24  Spore Crawler  
  75  7:30  Roach x3  
  75  7:32  Spore Crawler  
  75  7:35  Roach x2  
  72  7:44  Roach  
  72  7:46  Roach x3  
  72  7:51  Drone x2  
  75  7:56  Corruptor  
  75  7:58  Corruptor  
  76  8:08  Corruptor x2  
  76  8:10  Drone x2  
  81  8:14  Drone x4  
  81  8:15  Drone  
  83  8:20  Drone x2  
  83  8:23  Queen  
  83  8:25  Queen  
  83  8:26  Drone  
  90  8:30  Drone x2  
  90  8:31  Drone  
  90  8:32  Drone  
  94  8:36  Drone x2  
  94  8:39  Overlord  
  94  8:41  Overseer  
  96  8:43  Overlord  
  96  8:47  Overlord  
  96  8:48  Glial Reconstitution  
  96  8:50  Overlord  
  96  8:54  Overlord  
  96  9:04  Roach x6  
  104  9:14  Drone x8  
  104  9:16  Drone  
  109  9:21  Drone x2  
  109  9:22  Drone  
  112  9:29  Drone x3  
  112  9:30  Drone x3  
  118  9:35  Corruptor, Evolution Chamber x2  
  118  9:38  Drone x2  
  118  9:39  Drone  
  121  9:47  Overlord  
  121  9:49  Drone x5  
  126  9:56  Overlord  
  126  9:59  Hatchery, Corruptor  
  127  10:04  Corruptor x2  
  131  10:08  Corruptor  
  131  10:09  Extractor  
  131  10:10  Extractor  
  131  10:12  Overlord  
  131  10:14  Corruptor  
  131  10:19  Drone x3  
  131  10:20  Drone x4  
  136  10:22  Corruptor  
  140  10:28  Roach x3  
  133  10:43  Drone  
  133  10:44  Drone x10  
  144  10:50  Zerg Missile Weapons Level 1  
  144  10:51  Zerg Ground Armor Level 1  
  144  10:52  Drone  
  144  10:53  Drone  
  144  10:54  Baneling Nest  
  145  10:57  Evolution Chamber  
  145  10:58  Corruptor x2  
  145  11:02  Overseer  
  148  11:12  Drone x5  
  148  11:13  Drone  
  148  11:17  Ravager  
  155  11:19  Zergling x4  
  155  11:22  Hatchery, Drone  
  155  11:24  Infestation Pit  
  156  11:28  Zergling x16, Baneling Nest  
  156  11:31  Ravager x6  
  159  11:34  Zergling x6  
  162  11:44  Zergling x8  
  151  11:55  Corruptor x3  
  151  11:58  Roach  
  151  11:59  Roach x3  
  151  12:01  Overlord  
  165  12:02  Overlord  
  165  12:07  Overlord x3  
  157  12:10  Drone  
  157  12:14  Roach x4  
  165  12:19  Ravager x7  
  165  12:20  Overlord  
  165  12:21  Overlord x2  
  172  12:28  Roach x6  
  177  12:34  Roach x5  
  171  12:42  Roach x7  
  158  12:45  Roach  
  158  12:46  Roach  
  159  12:57  Ravager x6  
Show
View Real Time Build Order
Export as new Build Order

Kelazhur Terran - Winner!

Build Orders: Hellion Opening, Mech 

Get SALT Encoding   

  12  0:00  SCV  
  13  0:12  SCV  
  14  0:17  Supply Depot  
  14  0:24  SCV  
  15  0:39  SCV  
  15  0:40  Barracks  
  16  0:44  Refinery  
  16  0:51  SCV  
  17  1:03  SCV  
  18  1:15  SCV  
  19  1:27  Orbital Command, Barracks Reactor  
  19  1:38  Command Center  
  19  1:46  Supply Depot  
  19  1:53  SCV  
  20  2:03  Marine  
  20  2:04  Marine  
  20  2:05  Factory  
  22  2:09  SCV  
  22  2:14  Refinery  
  23  2:21  Marine x2  
  23  2:22  SCV  
  26  2:35  SCV  
  29  2:47  SCV  
  28  2:51  Starport  
  28  2:52  Orbital Command  
  28  2:57  Hellion  
  32  2:58  Hellion  
  32  3:00  Marine, SCV  
  34  3:12  SCV  
  35  3:19  Hellion  
  39  3:20  Hellion  
  39  3:24  Supply Depot, SCV  
  40  3:28  Medivac  
  40  3:33  Armory  
  42  3:36  SCV x2  
  42  3:41  Marine  
  45  3:49  Hellion x2  
  45  3:51  Supply Depot  
  49  3:55  Fusion Core  
  49  4:02  SCV  
  50  4:08  SCV  
  51  4:12  Hellion  
  51  4:13  Hellion  
  51  4:14  Starport Tech Lab  
  51  4:15  Supply Depot  
  55  4:22  SCV  
  56  4:25  SCV  
  57  4:34  Hellion x2, SCV  
  57  4:37  SCV  
  60  4:46  SCV  
  60  4:48  Battlecruiser  
  60  4:49  SCV  
  68  4:58  SCV  
  69  5:02  SCV  
  69  5:03  Hellion, Supply Depot  
  68  5:07  Hellion  
  68  5:10  SCV  
  56  5:15  Weapon Refit  
  56  5:19  Command Center  
  56  5:21  SCV  
  55  5:24  Refinery, SCV  
  55  5:25  Refinery  
  56  5:28  Marine  
  56  5:31  Supply Depot  
  56  5:33  SCV  
  58  5:36  Hellion  
  58  5:37  Hellion  
  58  5:38  SCV  
  63  5:45  SCV  
  63  5:46  Supply Depot  
  64  5:50  SCV  
  65  5:57  SCV  
  65  6:01  Hellion x2  
  65  6:02  SCV  
  71  6:09  SCV  
  71  6:10  Battlecruiser  
  78  6:14  SCV  
  79  6:21  SCV  
  80  6:26  SCV  
  80  6:30  Factory  
  80  6:31  Terran Vehicle Weapons Level 1  
  76  6:33  Factory, SCV  
  76  6:34  Orbital Command  
  76  6:38  SCV  
  75  6:41  Hellion x2  
  75  6:45  Barracks Tech Lab, SCV  
  80  6:51  SCV  
  81  6:56  Engineering Bay  
  81  6:58  SCV  
  81  7:00  Supply Depot  
  82  7:03  SCV  
  82  7:04  Hellion x2, SCV  
  88  7:10  SCV  
  88  7:14  Battlecruiser  
  95  7:17  SCV  
  96  7:25  Orbital Command  
  96  7:28  Hellion x2  
  100  7:33  SCV  
  100  7:34  Factory Tech Lab  
  97  7:39  Refinery  
  97  7:40  Siege Tank  
  97  7:43  SCV  
  97  7:44  Factory, Refinery  
  97  7:46  Factory, SCV  
  97  7:50  Command Center, SCV  
  93  7:55  Siege Tank, SCV  
  93  7:56  Hellion x2  
  97  7:58  SCV  
  97  8:02  SCV  
  94  8:07  SCV  
  94  8:10  SCV  
  96  8:14  SCV  
  96  8:19  Siege Tank, Hellion, SCV  
  105  8:20  Hellion  
  105  8:23  SCV  
  105  8:26  Terran Vehicle Weapons Level 2, SCV  
  107  8:29  Armory, Factory Tech Lab  
  107  8:31  SCV  
  107  8:32  Factory Reactor  
  108  8:35  SCV  
  108  8:38  SCV  
  110  8:42  Missile Turret  
  110  8:43  Siege Tank, Hellion  
  110  8:44  Hellion  
  110  8:47  Supply Depot  
  117  8:48  Supply Depot  
  117  8:50  Supply Depot  
  117  8:51  Supply Depot  
  117  8:58  Missile Turret  
  117  9:02  Battlecruiser, SCV x3  
  126  9:03  Siege Tank, Missile Turret  
  127  9:14  SCV  
  127  9:16  Siege Tank x2  
  128  9:17  Hellion x4  
  128  9:18  SCV  
  128  9:19  SCV  
  134  9:27  SCV  
  135  9:31  Refinery  
  135  9:34  Refinery, SCV  
  135  9:35  SCV  
  135  9:37  Missile Turret  
  135  9:38  Mag-Field Accelerator  
  137  9:39  Cyclone, SCV  
  137  9:40  Hellion  
  137  9:41  Hellion  
  137  9:43  Hellion  
  147  9:48  Cyclone x2  
  153  9:53  Terran Vehicle And Ship Armor Level 1  
  153  9:55  Supply Depot  
  153  9:57  Supply Depot  
  153  10:01  Hellion, Infernal Pre-Igniter  
  153  10:02  Hellion  
  157  10:12  Cyclone  
  162  10:14  Hellion x2  
  162  10:20  Cyclone  
  162  10:21  Hellion  
  169  10:33  Battlecruiser  
  169  10:34  Hellion x2  
  177  10:42  Hellion x2  
  169  10:49  Factory x2, Cyclone x2  
  173  10:50  Factory  
  173  10:51  Planetary Fortress  
  173  10:53  Command Center, Hellion  
  175  10:58  Command Center  
  175  11:01  Hellion x2  
  179  11:22  Supply Depot  
  179  11:23  Supply Depot  
  179  11:24  Supply Depot  
  179  11:25  Hellion  
  179  11:26  Hellion  
  179  11:31  Cyclone x3  
  186  11:38  Factory Tech Lab  
  186  11:39  Factory Reactor, Factory Tech Lab  
  180  11:57  Hellion x3  
  180  12:00  Barracks  
  186  12:03  Cyclone  
  189  12:16  Cyclone x3  
  189  12:17  Orbital Command, Hellion  
  190  12:44  Hellion  
  190  12:45  Hellion x4  
Tags
 
Add a new tag
Caveats
  • Supply blocks, unpowered buildings, or Contaminate may cause inaccurate times.
  • Supply counts are checked every 10 seconds.